 Dungeon Crawl Stone Soup version 0.32-a0-361-g289a535e89 (webtiles) character file.

Game seed: 3245490014786879349

159224 Sobieck the Tortoise (level 17, -12/139 HPs)
             Began as a Coglin Gladiator on Feb 18, 2024.
             Was the Champion of Okawaru.
             Mangled by a culicivora (23 damage)
             ... on level 4 of the Spider Nest.
             The game lasted 00:51:30 (21670 turns).

Sobieck the Tortoise (Coglin Gladiator)            Turns: 21670, Time: 00:51:30

Health: -12/139    AC: 44    Str: 29    XL:     17   Next: 73%
Magic:  25/25      EV: 21    Int: 12    God:    Okawaru [******]
Gold:   881        SH:  0    Dex:  9    Spells: 16/16 levels left

rFire   + + .        u - +2 eveningstar (protect) {Thabo}
rCold   + + +        a - +5 eveningstar of Biheczu {god gift, vamp, rF+ Int+2}
rNeg    + . .        e - +1 crystal plate armour of Hadjma {god gift, Slay+6 SInv}
rPois   +            j - +1 helmet
rElec   +            h - scarf of Diuc {rC+ rF+, +Blink rElec rPois Str+3 Dex-5}
rCorr   .            k - +0 pair of gloves
SInv    +            s - +2 pair of boots
Will    ++...        i - amulet "Enkain" {RegenMP rN+ Will+ Regen+ Stlth-} Stlth
                     w - ring of Quose {EV+5 Str+3}
HPRegen 1.23/turn    y - ring "Jyzut" {rC+++ EV+5 Str+3 Dex-2 SInv}
MPRegen 0.59/turn

%: no passive effects
@: lethally poisoned (-12 -> -16), heroic, marked, under a protective aura,
revved, stiff-legged, very slow
A: off-hand wielding, slow wielding, warmup strikes, warmup strides
a: Renounce Religion, Evoke Blink, Heroism, Finesse, Duel


You were on level 4 of the Spider Nest.
You worshipped Okawaru.
Okawaru was exalted by your worship.
You visited 4 branches of the dungeon, and saw 26 of its levels.
You also visited: Bailey and Ice Cave.

You collected 3291 gold pieces.
You spent 2410 gold pieces at shops.

Inventory:

Hand Weapons
 a - the +5 eveningstar of Biheczu (worn) {god gift, vamp, rF+ Int+2}
   (Okawaru gifted it to you on level 11 of the Dungeon)

   Int+2:     It affects your intelligence (+2).
   rF+:       It protects you from fire.
 u - a +2 eveningstar of protection (weapon) {Thabo}
Missiles
 t - 30 boomerangs
 v - 12 javelins (quivered)
 x - 8 silver javelins {god gift}
 F - 11 curare-tipped darts
 G - 8 datura-tipped darts {god gift}
 J - 5 atropa-tipped darts {god gift}
 Z - 7 throwing nets
Armour
 e - the +1 crystal plate armour of Hadjma (worn) {god gift, Slay+6 SInv}
   (Okawaru gifted it to you on level 11 of the Dungeon)

   Slay+6:    It affects your accuracy & damage with ranged weapons and melee
   (+6).
   SInv:      It lets you see invisible.
 h - the scarf of Diuc (worn) {rC+ rF+, +Blink rElec rPois Str+3 Dex-5}
   (You acquired it on level 4 of the Dungeon)

   Str+3:     It affects your strength (+3).
   Dex-5:     It affects your dexterity (-5).
   rElec:     It insulates you from electricity.
   rPois:     It protects you from poison +Blink: It lets you blink.
 j - a +1 helmet (worn)
 k - a +0 pair of gloves (worn)
 s - a +2 pair of boots (worn)
Jewellery
 f - a ring of protection from fire
 i - the amulet "Enkain" (around neck) {RegenMP rN+ Will+ Regen+ Stlth-}
   (You acquired it on level 4 of the Dungeon)

   [amulet of magic regeneration]

   RegenMP:   It increases your rate of magic regeneration.
   rN+:       It protects you from negative energy.
   Will+:     It increases your willpower.
   Regen+:    It increases your rate of health regeneration.
   Stlth-:    It makes you less stealthy.
 m - a ring of willpower
 n - a ring of positive energy
 w - the ring of Quose (left grasper) {EV+5 Str+3}
   (You acquired it on level 5 of the Dungeon)

   [ring of evasion]

   EV+5:      It affects your evasion (+5).
   Str+3:     It affects your strength (+3).
 y - the ring "Jyzut" (right grasper) {rC+++ EV+5 Str+3 Dex-2 SInv}
   (You bought it in a shop on level 2 of the Orcish Mines)

   [ring of evasion]

   EV+5:      It affects your evasion (+5).
   Str+3:     It affects your strength (+3).
   Dex-2:     It affects your dexterity (-2).
   rC+++:     It renders you almost immune to cold.
   SInv:      It lets you see invisible.
 O - a ring of flight
Wands
 B - a wand of mindburst (5)
 D - a wand of digging (16)
 I - a wand of iceblast (15)
 P - a wand of paralysis (11)
 W - a wand of quicksilver (15)
 X - a wand of polymorph (4)
Scrolls
 d - 2 scrolls of poison
 g - 5 scrolls of fog
 r - 6 scrolls of noise
 A - 5 scrolls of immolation
 E - a scroll of vulnerability
 R - a scroll of identify
 T - 6 scrolls of teleportation
 V - 3 scrolls of fear
Potions
 b - a potion of berserk rage
 c - 5 potions of attraction
 l - 7 potions of lignification
 o - 3 potions of brilliance
 p - 4 potions of resistance
 q - 5 potions of might
 z - 2 potions of magic
 C - 6 potions of mutation
 H - 5 potions of haste
 K - 3 potions of enlightenment
 L - 4 potions of cancellation
 M - a potion of invisibility
 N - 3 potions of heal wounds
 Q - 10 potions of curing
 S - 2 potions of ambrosia
Miscellaneous
 U - a phial of floods


   Skills:
 + Level 14.0(19.0) Fighting
 - Level 3.5(16.0) Axes
 + Level 14.7(19.8) Maces & Flails
 - Level 1.7(6.7) Throwing
 - Level 16.0(21.0) Armour
 + Level 9.5(14.5) Dodging
 + Level 11.5 Invocations


You had 16 spell levels left.
You didn't know any spells.
Your spell library contained the following spells:

 Spells                   Type           Power      Damage    Failure   Level
 Foxfire                  Conj/Fire      0%         2x1d4     97%         1
 Sting                    Conj/Alch      0%         1d3       97%         1
 Cigotuvi's Dreadful Rot  Necr/Alch/Air  0%         N/A       99%         2
 Jinxbite                 Hex            0%         N/A       99%         2
 Mercury Vapours          Alch/Air       0%         N/A       99%         2
 Dazzling Flash           Conj/Hex       0%         N/A       100%        3
 Frozen Ramparts          Ice            0%         1d1       100%        3
 Mephitic Cloud           Conj/Alch/Air  0%         N/A       100%        3
 Anguish                  Hex/Necr       0%         N/A       100%        4
 Cause Fear               Hex            0%         N/A       100%        4
 Ignite Poison            Fire/Alch      0%         N/A       100%        4
 Leda's Liquefaction      Alch/Erth      0%         N/A       100%        4
 Olgreb's Toxic Radiance  Alch           0%         N/A       100%        4
 Petrify                  Alch/Erth      0%         N/A       100%        4
 Curse of Agony           Necr           0%         N/A       100%        5
 Freezing Cloud           Conj/Ice/Air   0%         6-21      100%        5
 Metabolic Englaciation   Hex/Ice        0%         N/A       100%        5
 Silence                  Hex/Air        0%         N/A       100%        5
 Yara's Violent Unravell  Hex/Alch       0%         3d3       100%        5
 Plasma Beam              Fire/Air       0%         2x1d10    100%        6
 Starburst                Conj/Fire      0%         6d3       100%        6
 Enfeeble                 Hex            0%         N/A       100%        7


Dungeon Overview and Level Annotations

Branches:
Dungeon (15/15)            Temple (0/1) D:7            Lair (5/5) D:8
 Shoals (0/4) Lair:3       Spider (4/4) Lair:2        Slime (0/5) Lair:5
    Orc (2/2) D:11            Elf (0/3) Orc:2        Vaults (0/5) D:13
 Depths (0/4) D:15         Bailey (visited)           IceCv (visited)

Altars:
Ashenzari
Cheibriados
Gozag
Hepliaklqana
Makhleb
Okawaru
Ru
Sif Muna
Trog
Uskayaw
Wu Jian
Xom
Zin
The Shining One
Beogh
Jiyva

Shops:
D:7 *   D:11 (   D:12 =   Orc:2 =*[(*(*

Annotations:
D:3 3 runed translucent doors, Zvl3's ghost, amateur MDFi
D:7 1 transporter, Newt's ghost, novice MfGl
D:9 3 runed translucent doors, pokeman's ghost, novice DEHW


Innate Abilities, Weirdness & Mutations

You can wield a second weapon in your off-hand.
It takes a long time for you to wield or remove held weapons.
Your first few attacks do less damage.
Your first movements take longer.


Message History

Something smites you!
* * * LOW HITPOINT WARNING * * *
The wolf spider barely misses you.
The wolf spider bites you but does no damage.
Unknown command.
You impale the wolf spider with your +2 eveningstar of protection!!
You kill the wolf spider!
Okawaru accepts your kill.
You feel very sick.
The culicivora bites you but does no damage.
The meliai calls down the wrath of its god upon you.
Something smites you!
* * * LOW HITPOINT WARNING * * *
Your base Fighting skill increases to level 14!
Unknown command.
A steelbarb worm and a redback come into view.
You feel extremely sick. The culicivora closely misses you.
A redback comes into view.
The jumping spider leaps!
A wolf spider comes into view.
The culicivora misses you. The wolf spider barely misses you.
The wolf spider misses you.
A redback comes into view.
The wolf spider closely misses you.
The wolf spider bites you but does no damage.
The culicivora bites you but does no damage.
The jumping spider misses you. x2
A culicivora comes into view.
The meliai mumbles some strange prayers to its god against you.
Something smites you!
* * * LOW HITPOINT WARNING * * *
The moth of wrath goads the culicivora on!
The culicivora goes berserk!
The moth of wrath goads the wolf spider on!
The wolf spider goes berserk!
The redback moves out of view. x3
You see here a tarantella corpse.
Unknown command.
As you read the scroll of fear, it crumbles to dust.
You assume a fearsome visage.
The redback looks frightened! x3
The culicivora is unaffected.
The steelbarb worm looks frightened!
The wolf spider looks frightened!
The pharaoh ant is unaffected.
The wolf spider is unaffected.
The jumping spider easily resists.
The culicivora looks frightened!
The moth of wrath resists with some effort.
The meliai looks frightened! x2
You feel very sick. The culicivora bites you!!
You die...

#.#.y.#.. ##.#..
#...Z.sy###.#...####
#..s)ss.#.#.?..#
###.sss##......
####^yss.##
#.w.syB.# ##
#####y#^...#
#.sw#s###.^##
^^.....#s@#..##.#
<^s....y#.s.##..#
##########†.....##
#.. #.†..^.^#
..#..##..######
#....#^^†##...#
#.^.#†.#..###
..^#....##..<.#
#....#.†##^..##


You could see a steelbarb worm (fleeing), 2 wolf spiders, a moth of wrath, 2
culicivoras, a pharaoh ant, a jumping spider, 3 redbacks and 2 meliai.

Vanquished Creatures
  Nikola (Spider:2)
  Arachne (Spider:3)
  Jorgrun (D:15)
  Roxanne (Spider:1)
  Louise (D:15)
  An emperor scorpion (Spider:4)
  A ghost moth (Spider:1)
  A broodmother (Spider:2)
  The ghost of Hoaki the Fighter, a journeyman HONe of Kikubaaqudgha (Lair:4)
  A dire elephant (Lair:5)
  A spark wasp (Spider:4)
  An ettin (Orc:1)
  An entropy weaver (Spider:3)
  4 vault guards (D:13)
  A great orb of eyes (D:15)
  Harold (D:10)
  7 hydras
  A catoblepas (D:14)
  A merfolk avatar (Lair:5)
  7 centaur warriors
  6 two-headed ogres
  2 radroaches
  3 boulder beetles
  10 death yaks
  2 orc high priests
  10 demonic crawlers
  A shock serpent (shapeshifter) (D:15)
  A fire crab (Lair:4)
  4 skysharks
  8 pharaoh ants
  Lodul (D:13)
  5 orb spiders
  A sea snake (Lair:4)
  A necromancer (Spider:3)
  3 steelbarb worms
  Pikel (D:7)
  3 harpies (Lair:5)
  An orc knight (Orc:2)
  4 deep elf pyromancers
  A lindwurm (Lair:2)
  15 wolf spiders
  6 wolf spider zombies (Spider:3)
  11 ugly things
  8 cyclopes
  3 manticores
  An oklob plant (Lair:5)
  An orc sorcerer (Orc:1)
  Maurice (Orc:2)
  2 moths of wrath
  3 meliai (Spider:4)
  32 elephants
  A salamander (D:15)
  3 ice statues (IceCv)
  6 black mambas
  9 cane toads
  5 kobold blastminers (Orc:2)
  2 gargoyles
  6 kobold demonologists (D:12)
  A rime drake (Lair:5)
  2 efreet
  A freezing wraith (IceCv)
  7 redback zombies (Spider:3)
  4 komodo dragons
  A queen bee (shapeshifter) (D:13)
  A tengu conjurer (D:13)
  7 polar bears
  4 trolls
  2 hornets
  A wind drake (Lair:3)
  8 tarantella zombies (Spider:3)
  17 tarantellas
  2 snapping turtles (Lair:5)
  26 blink frogs
  4 culicivora zombies (Spider:3)
  3 slime creatures (D:15)
  13 jumping spiders
  2 centaur simulacra (D:14)
  13 culicivoras
  A vampire (Bailey)
  3 shadows
  2 wraiths
  58 yaks
  4 wyverns
  A dire elephant simulacrum (IceCv)
  8 humans (D:13)
  3 wargs
  2 steam dragons
  7 basilisks
  36 redbacks
  9 vampire mosquitoes
  A harpy simulacrum (IceCv)
  11 water moccasins
  A hydra simulacrum (IceCv)
  2 sky beasts (D:7)
  4 black bears
  40 orc warriors
  20 ogres
  8 wolves
  22 centaurs
  2 lemures (D:7)
  A phantom (D:7)
  11 kobold brigands
  8 bullfrogs
  6 earth elementals (D:14)
  4 gnoll sergeants (D:6)
  A cane toad simulacrum (IceCv)
  2 scorpions
  3 wights (D:9)
  19 killer bees (D:10)
  An elephant simulacrum (IceCv)
  3 electric eels (D:8)
  9 howler monkeys
  7 vampire bats (Bailey)
  7 wolf zombies (Bailey)
  24 orc priests
  A quasit (D:6)
  14 hounds
  A bombardier beetle (D:6)
  2 jellies
  2 sleepcaps (D:7)
  Jessica (D:3)
  A gnoll bouda (D:6)
  5 iguanas
  24 orc wizards
  7 hell rats (Lair:2)
  A polar bear simulacrum (IceCv)
  2 wolf simulacra (IceCv)
  21 gnolls
  3 adders
  5 shadow imps
  6 white imps
  An ufetubus (D:6)
  A dart slug (D:4)
  A ribbon worm (D:9)
  88 orcs
  11 ball pythons
  4 endoplasms
  3 giant cockroaches
  11 goblins
  4 hobgoblins
  4 jackals (D:3)
  19 kobolds
  4 quokkas
  7 bats
  4 frilled lizards
  20 orc zombies (Bailey)
  10 rats
976 creatures vanquished.

Notes
Turn   | Place    | Note
-------+----------+-------------------------------------------
     0 | D:1      | Sobieck the Coglin Gladiator began the quest for the Orb.
     0 | D:1      | Reached XP level 1. HP: 16/16 MP: 1/1
    27 | D:1      | Reached XP level 2. HP: 19/22 MP: 2/2
    96 | D:1      | Reached skill level 1 in Armour
   142 | D:1      | Reached XP level 3. HP: 28/28 MP: 3/3
   370 | D:1      | Found a faded altar of an unknown god.
   884 | D:2      | Reached XP level 4. HP: 22/34 MP: 4/4
   888 | D:2      | Reached skill level 3 in Fighting
   888 | D:2      | Reached skill level 1 in Maces & Flails
  1358 | D:3      | Reached XP level 5. HP: 41/41 MP: 5/5
  1372 | D:3      | Reached skill level 2 in Armour
  1424 | D:3      | Noticed Jessica
  1427 | D:3      | Killed Jessica
  1572 | D:3      | Noticed a black bear
  1581 | D:3      | Killed a black bear
  1582 | D:3      | Reached skill level 3 in Maces & Flails
  1582 | D:3      | Reached XP level 6. HP: 37/48 MP: 6/6
  2045 | D:3      | Found a runed translucent gate.
  2045 | D:3      | Found a runed translucent gate.
  2045 | D:3      | Found a runed translucent gate.
  2045 | D:3      | Found an opulent altar of Gozag.
  2046 | D:3      | Noticed Zvl3's ghost (amateur MDFi)
  2239 | D:4      | Identified 2 scrolls of acquirement
  2239 | D:4      | Acquired the scarf of Diuc {rC+ rF+, +Blink rElec rPois
                  | Str+3 Dex-5}
  2246 | D:4      | Acquired the amulet "Enkain" {RegenMP rN+ Will+ Regen+
                  | Stlth-}
  2269 | D:4      | Reached skill level 3 in Armour
  2295 | D:4      | Identified the +3 ring mail of the Frog {rC+}
  2325 | D:4      | Reached XP level 7. HP: 50/54 MP: 7/7
  2392 | D:4      | Found a shimmering altar of Xom.
  2416 | D:4      | Found a glowing golden altar of the Shining One.
  2419 | D:4      | Found an iron altar of Okawaru.
  2431 | D:4      | Became a worshipper of Warmaster Okawaru
  2437 | D:4      | Found a broken altar of Ashenzari.
  2668 | D:4      | Found a bloodstained altar of Trog.
  2833 | D:5      | Entered Level 5 of the Dungeon
  3060 | D:5      | Reached * piety under Okawaru
  3061 | D:5      | Acquired 667 gold pieces
  3091 | D:5      | Reached XP level 8. HP: 61/61 MP: 8/8
  3201 | D:5      | Reached skill level 4 in Armour
  3268 | D:5      | Acquired the ring of Quose {EV+5 Str+3}
  3305 | D:5      | Found an ornate altar of the Wu Jian Council.
  3306 | D:5      | Found a shimmering blue altar of Sif Muna.
  3307 | D:5      | Found a burning altar of Makhleb.
  3313 | D:5      | Found an opulent altar of Gozag.
  3317 | D:5      | Found a hazy altar of Hepliaklqana.
  3319 | D:5      | Found a sacrificial altar of Ru.
  3320 | D:5      | Found a glowing silver altar of Zin.
  3944 | D:6      | Reached skill level 1 in Invocations
  4017 | D:6      | Reached skill level 6 in Maces & Flails
  4074 | D:6      | Reached ** piety under Okawaru
  4177 | D:6      | Reached XP level 9. HP: 69/69 MP: 10/10
  4493 | D:6      | Reached skill level 6 in Fighting
  4493 | D:6      | Reached skill level 5 in Armour
  4747 | D:6      | Reached *** piety under Okawaru
  4780 | D:6      | Reached skill level 3 in Invocations
  4810 | D:6      | Noticed a two-headed ogre
  4817 | D:6      | Killed a two-headed ogre
  4818 | D:6      | Reached XP level 10. HP: 50/77 MP: 12/12
  4827 | D:6      | Reached skill level 6 in Armour
  4897 | D:6      | Noticed a cyclops
  4919 | D:6      | Killed a cyclops
  5416 | D:7      | Reached **** piety under Okawaru
  5443 | D:7      | Noticed Pikel
  5454 | D:7      | Killed Pikel
  5455 | D:7      | Reached skill level 9 in Maces & Flails
  5535 | D:7      | Found Rekkeh's Gadget Gallery.
  5558 | D:7      | Found a staircase to the Ecumenical Temple.
  5597 | D:7      | Found a transporter.
  5608 | D:7      | Noticed Newt's ghost (novice MfGl)
  5612 | D:7      | Noticed a two-headed ogre
  5736 | D:7      | You fall into a shaft and drop 3 floors!
  5736 | D:10     | Entered Level 10 of the Dungeon
  5802 | D:9      | Found a snail-covered altar of Cheibriados.
  5823 | D:9      | Noticed a two-headed ogre
  5837 | D:9      | Killed a two-headed ogre
  5900 | D:9      | Found a runed translucent gate.
  5900 | D:9      | Noticed pokeman's ghost (novice DEHW)
  5901 | D:9      | Found a runed translucent gate.
  5902 | D:9      | Found a runed translucent gate.
  6029 | D:9      | Reached XP level 11. HP: 62/86 MP: 14/14
  6110 | D:9      | Found a flagged portal.
  6115 | D:9      | Noticed a two-headed ogre
  6122 | D:9      | Killed a two-headed ogre
  6122 | D:9      | Reached ***** piety under Okawaru
  6123 | D:9      | Reached skill level 7 in Armour
  6130 | Bailey   | Entered a bailey
  6974 | D:8      | Found a hide-covered altar of Uskayaw.
  7042 | D:8      | Found a staircase to the Lair.
  7070 | D:8      | Received a gift from Okawaru
  7963 | D:9      | Found a roughly hewn altar of Beogh.
  8180 | D:10     | Noticed Harold
  8194 | D:10     | Killed Harold
  8415 | D:10     | Reached skill level 9 in Fighting
  8488 | D:10     | Reached skill level 6 in Invocations
  8788 | D:10     | Reached skill level 8 in Armour
  8802 | D:10     | Reached XP level 12. HP: 82/95 MP: 16/16
  9021 | D:11     | Found a frozen archway.
  9029 | IceCv    | Entered an ice cave
  9083 | IceCv    | Received a gift from Okawaru
  9328 | D:11     | Found a staircase to the Orcish Mines.
  9328 | D:11     | Found Haplei Boam's Weapon Emporium.
  9354 | D:11     | Bought the +8 flail of Desperation {protect, Str+3} for 977
                  | gold pieces
  9379 | D:11     | Noticed a two-headed ogre
  9390 | D:11     | Killed a two-headed ogre
  9390 | D:11     | Reached ****** piety under Okawaru
  9391 | D:11     | Acquired the +5 eveningstar of Biheczu {god gift, vamp, rF+
                  | Int+2}
  9391 | D:11     | Received a gift from Okawaru
  9406 | D:11     | Acquired the +1 crystal plate armour of Hadjma {god gift,
                  | Slay+6 SInv}
  9406 | D:11     | Received a gift from Okawaru
  9802 | D:12     | Noticed a two-headed ogre
  9808 | D:12     | Killed a two-headed ogre
  9936 | D:12     | Found Dyhobiur's One-of-a-Kind Rings.
  9947 | D:12     | Noticed a two-headed ogre
  9949 | D:12     | Killed a two-headed ogre
 10150 | D:12     | Received a gift from Okawaru
 10156 | D:12     | Reached skill level 9 in Armour
 10757 | D:13     | Reached XP level 13. HP: 103/103 MP: 18/18
 10779 | D:13     | Reached skill level 10 in Armour
 10866 | D:13     | Noticed Lodul
 10874 | D:13     | Killed Lodul
 10874 | D:13     | Received a gift from Okawaru
 10935 | D:13     | Noticed a vault guard
 10935 | D:13     | Noticed a vault guard
 10937 | D:13     | Noticed a vault guard
 10938 | D:13     | Noticed a vault guard
 10945 | D:13     | Killed a vault guard
 10946 | D:13     | Reached skill level 11 in Armour
 10948 | D:13     | Killed a vault guard
 10968 | D:13     | Killed a vault guard
 10972 | D:13     | Killed a vault guard
 10977 | D:13     | Received a gift from Okawaru
 10996 | D:13     | Found a gate to the Vaults.
 11071 | D:13     | Reached skill level 12 in Armour
 11356 | D:14     | Received a gift from Okawaru
 11364 | D:14     | Reached skill level 13 in Armour
 12009 | D:14     | Reached XP level 14. HP: 110/110 MP: 20/20
 12021 | D:14     | Received a gift from Okawaru
 12078 | D:15     | Entered Level 15 of the Dungeon
 12095 | D:15     | Reached skill level 14 in Armour
 12133 | D:15     | Noticed Jorgrun
 12138 | D:15     | Killed Jorgrun
 12269 | D:15     | Received a gift from Okawaru
 12393 | D:15     | Found a staircase to the Depths.
 12510 | D:15     | Noticed Louise
 12542 | D:15     | Killed Louise
 12546 | D:15     | Reached skill level 15 in Armour
 12670 | D:15     | Received a gift from Okawaru
 13106 | Lair:1   | Entered Level 1 of the Lair of Beasts
 13356 | Lair:1   | Reached skill level 12 in Maces & Flails
 13356 | Lair:1   | Reached skill level 3 in Dodging
 14160 | Lair:2   | Found a hole to the Spider Nest.
 14254 | Lair:2   | Received a gift from Okawaru
 14882 | Lair:3   | Found a staircase to the Shoals.
 14899 | Lair:3   | Reached XP level 15. HP: 110/117 MP: 21/21
 15080 | Lair:3   | Received a gift from Okawaru
 15965 | Lair:4   | Received a gift from Okawaru
 15966 | Lair:4   | Reached skill level 9 in Invocations
 16450 | Lair:4   | Found a runed translucent door.
 16453 | Lair:4   | Noticed Hoaki's ghost (journeyman HONe)
 16633 | Lair:4   | Killed Hoaki's ghost
 16640 | Lair:4   | Identified the staff "Embalmer" {rN+ Will+ Necro}
 16659 | Lair:5   | Entered Level 5 of the Lair of Beasts
 16720 | Lair:5   | Received a gift from Okawaru
 16742 | Lair:4   | Reached skill level 6 in Dodging
 16873 | Lair:5   | Received a gift from Okawaru
 16874 | Lair:5   | Reached XP level 16. HP: 121/127 MP: 23/23
 16924 | Lair:5   | Found a viscous altar of Jiyva.
 16924 | Lair:5   | Found a staircase to the Slime Pits.
 16953 | Lair:5   | Reached skill level 12 in Fighting
 16963 | Lair:5   | Reached skill level 16 in Armour
 17050 | Lair:4   | Acquired a +2 eveningstar of protection
 17132 | Lair:5   | Identified the +5 ring mail of the Stag {rPois Int-2 Dex+2}
 17422 | Lair:5   | Identified the staff of World Downfall {rF- rN+ Int+7 Necro
                  | Alchemy}
 17807 | Orc:1    | Entered Level 1 of the Orcish Mines
 17946 | Orc:1    | Found a roughly hewn altar of Beogh.
 17984 | Orc:1    | Received a gift from Okawaru
 18196 | Orc:1    | Found a roughly hewn altar of Beogh.
 18293 | Orc:2    | Entered Level 2 of the Orcish Mines
 18293 | Orc:2    | Noticed Maurice
 18293 | Orc:2    | Found a staircase to the Elven Halls.
 18300 | Orc:2    | Killed Maurice
 18463 | Orc:2    | Found a roughly hewn altar of Beogh.
 18748 | Orc:2    | Found Korghuan's Weapon Emporium.
 18911 | Orc:2    | Found Ere Hud's Specific Store.
 18915 | Orc:2    | Found Xizaaqig's General Store.
 18939 | Orc:2    | Found Jesokaeno's Armour Shoppe.
 18939 | Orc:2    | Found Kajimn's General Store.
 18941 | Orc:2    | Found Plog's Jewellery Boutique.
 18943 | Orc:2    | Found Gure's Antique Weapon Emporium.
 19173 | Orc:2    | Bought the ring "Jyzut" {rC+++ EV+5 Str+3 Dex-2 SInv} for
                  | 1433 gold pieces
 19328 | Spider:1 | Entered Level 1 of the Spider Nest
 19435 | Spider:1 | Received a gift from Okawaru
 19629 | Spider:1 | Noticed Roxanne
 19644 | Spider:1 | Killed Roxanne
 20083 | Spider:2 | Noticed Nikola
 20094 | Spider:2 | Killed Nikola
 20094 | Spider:2 | Received a gift from Okawaru
 20197 | Spider:2 | Reached XP level 17. HP: 124/136 MP: 25/25
 20585 | Spider:2 | Received a gift from Okawaru
 21044 | Spider:3 | Received a gift from Okawaru
 21057 | Spider:3 | Noticed Arachne
 21066 | Spider:3 | Killed Arachne
 21067 | Spider:3 | Reached skill level 9 in Dodging
 21290 | Spider:3 | Received a gift from Okawaru
 21562 | Spider:4 | Entered Level 4 of the Spider Nest
 21670 | Spider:4 | Mangled by a culicivora

Illustrated notes

Levels and vault maps discovered:
D:1:      orjb1_lava_funnel, layout_basic,
          hellmonk_ecumenical_altar_heavens_door
D:2:      wad_pebble_path, layout_basic
D:3:      cheibrodos_pilgrimage, layout_rooms, ebering_ghost_gozag,
          kennysheep_jessica_study
D:4:      layout_loops_ring, grunt_temple_overflow_cloverleaf, trog_book,
          st_stairs_14, minivault_23, minmay_misc_feat_secret_circle
D:5:      minmay_evil_eye, layout_basic, minitemple, kennysheep_cross_bottleneck
D:6:      lemuel_castle_with_subvaults [lemuel_castle_interior_original],
          layout_gridville, serial_demonic, serial_demonic_e, serial_demonic_e,
          serial_demonic_c, serial_demonic_c
D:7:      layout_basic, minmay_temple_entry_mini_moons, gammafunk_ghost_smash,
          nicolae_shop_gadgets, uniq_pikel
D:8:      layout_gridville, old_standard_altar, erik_lair_island
D:9:      layout_irregular_city, slow_altar_1, enter_bailey_3,
          biasface_ghost_orc_armoury
D:10:     layout_roguey, uniq_harold
D:11:     layout_irregular_city, orc_david_3, portal_ice_cave_entry_pillars_2,
          minmay_misc_feat_columns
D:12:     layout_basic, serial_curves, eino_curves_01, eino_curves_03,
          nicolae_shop_unique_rings, nicolae_eternal_life
D:13:     layout_cave_pools, ximxim_vaults_locker_room, uniq_lodul
D:14:     layout_roguey, serial_glass, glass_columns_a, glass_columns_c,
          minmay_strange_pillars, item_on_display_a, item_on_display_a,
          hangedman_cracks_in_the_wall
D:15:     hangedman_depths_entry_try_elsewhere_first, layout_basic,
          serial_co_window_serial, co_window_corner_a,
          co_window_of_opportunity_a, co_window_paths_b,
          co_window_of_opportunity_a, co_window_corner_a,
          co_window_unsneaky_path_b, co_window_paths_c, co_window_broadway_a,
          co_window_2corner, co_window_4corner_b, glass_columns_a,
          glass_columns_a, hangedman_abyss_or_decor_passed,
          chequers_serial_rivers_small_3, uniq_jorgrun, uniq_louise
Lair:1:   layout_layer_cave
Lair:2:   layout_chaotic_city, spider_nest_entry_web_field, st_stairs_7,
          serial_bayou_shore_b, infiniplex_staircase_pool_2
Lair:3:   layout_gridlike, minmay_shoals_entry_beasts, beast_lair_carwin_5
Lair:4:   layout_loops_ring, ebering_ghost_reflecting_pool, beast_lair_carwin_4
Lair:5:   gammafunk_lair_ancient_temple, layout_loops_ring, slime_entry_1,
          lemuel_fruit_tree
Spider:1: layout_spider_delve, uniq_roxanne
Spider:2: layout_spider_delve, uniq_nikola
Spider:3: lemuel_spider_zombies, uniq_arachne
Spider:4: grunt_spider_rune_circles, nicolae_spider_undead_wolf_pack
Orc:1:    layout_diamond_mine, basic_altar, mines2_david
Orc:2:    st_orc_rangers, layout_diamond_mine, serial_shops, shop,
          nicolae_specific_store, mines2_david, uniq_maurice

Skill      XL: |  1  2  3  4  5  6  7  8  9 10 11 12 13 14 15 16 17 |
---------------+----------------------------------------------------+-----
Armour         | 1 2 3 4 5 6 8 9 13 15 16 | 16.0
Fighting       | 3 4 5 6 8 9 10 11 13 14 | 14.0
Maces & Flails | 1 3 5 6 8 9 11 12 13 14 | 14.7
Invocations    | 1 3 4 6 7 8 9 10 11 | 11.5
Dodging        | 4 6 8 9 |  9.5
Axes           | |  3.5
Throwing       | |  1.7

Action                     |  1- 3 |  4- 6 |  7- 9 | 10-12 | 13-15 | 16-18 || total
---------------------------+-------+-------+-------+-------+-------+-------++-------
  Melee: War axe           |    43 |    69 |       |       |       |       ||   112
         Dagger            |    28 |       |       |       |       |       ||    28
         Demon whip        |     2 |    73 |   202 |   515 |       |       ||   792
         Morningstar       |       |     9 |   206 |   517 |       |       ||   732
         Flail             |       |       |       |    83 |   595 |    49 ||   727
         Eveningstar       |       |       |       |    72 |   620 |  1155 ||  1847
  Throw: Javelin           |       |     1 |       |       |       |       ||     1
         Stone             |       |       |    23 |     1 |       |       ||    24
         Dart              |       |       |       |     9 |       |       ||     9
 Invoke: Heroism           |       |       |       |     2 |     2 |     2 ||     6
         Receive Weapon    |       |       |       |     1 |       |       ||     1
         Receive Armour    |       |       |       |     1 |       |       ||     1
    Use: Scroll            |       |     8 |     8 |    10 |     4 |    10 ||    40
         Potion            |       |       |     2 |       |       |     5 ||     7
   Stab: Sleeping          |       |     1 |       |       |       |       ||     1
         Distracted        |       |       |       |       |     1 |       ||     1
         Held in net/web   |       |       |       |       |       |     5 ||     5
 Armour: Leather armour    |    23 |    40 |       |       |       |       ||    63
         Chain mail        |       |    10 |    20 |       |       |       ||    30
         Ring mail         |       |       |   152 |   360 |       |       ||   512
         Crystal plate arm |       |       |       |    70 |   935 |   644 ||  1649
  Dodge: Dodged            |    48 |    68 |   208 |   540 |   609 |   712 ||  2185

Table legend: (Time is in decaauts)
 A = Elapsed time spent in this place.
 B = Non-inter-level travel time spent in this place.
 C = Inter-level travel time spent in this place.
 D = Time resting spent in this place.
 E = Time spent auto-exploring this place.
 F = Levels seen in this place.
 G = Mean time per level.
                   A        B        C        D        E       F      G
               +--------+--------+--------+--------+--------+-----+--------+
         Total |  22364 |  21007 |   1357 |    582 |  15199 |  28 |  798.7 |
       Dungeon |  13148 |  12242 |    906 |    335 |   9054 |  15 |  876.5 |
          Lair |   4752 |   4462 |    290 |    139 |   3391 |   5 |  950.4 |
   Spider Nest |   2387 |   2327 |     60 |     35 |   1645 |   4 |  596.8 |
  Orcish Mines |   1453 |   1353 |    100 |     16 |    987 |   2 |  726.5 |
        Bailey |    368 |    368 |      0 |     22 |    122 |   1 |  368.0 |
      Ice Cave |    254 |    254 |      0 |     35 |      0 |   1 |  254.0 |
               +--------+--------+--------+--------+--------+-----+--------+

Top non-repeatable levels by time:
     D:6: 1514 daAuts
     D:5: 1048 daAuts
  Lair:1: 1024 daAuts
  Lair:3: 985 daAuts
  Lair:4: 982 daAuts
    D:12: 974 daAuts
     D:9: 954 daAuts
   Orc:2: 943 daAuts
    D:15: 909 daAuts
    D:10: 908 daAuts
  Lair:5: 904 daAuts
     D:1: 860 daAuts
  Lair:2: 855 daAuts
     D:8: 829 daAuts
    D:14: 825 daAuts
